 Seeded DCSS version 0.31-a0-986-g5e6e4ef867 (webtiles) character file.

Game seed: 10330998962624985796 (custom seed)

471 Hubris850 the Spear-Bearer (level 7, -8/52 HPs)
             Began as a Merfolk Fighter on Nov 13, 2023.
             Mangled by Menkaure (17 damage)
             ... on level 5 of the Dungeon.
             The game lasted 00:06:33 (3562 turns).

Hubris850 the Spear-Bearer (Merfolk Fighter)        Turns: 3562, Time: 00:06:33

Health: -8/52      AC:  7    Str: 21    XL:     7   Next: 9%
Magic:  7/7        EV: 10    Int: 12    God:
Gold:   213        SH:  4    Dex: 13    Spells: 6/6 levels left

rFire   . . .        p - +6 dagger "Kuagoppao" {freeze, Will+ Str+5 Int+2}
rCold   . . .        c - +0 buckler
rNeg    . . .        b - +0 scale mail
rPois   .            (no helmet)
rElec   .            (no cloak)
rCorr   .            (no gloves)
SInv    .            r - +0 pair of boots
Will    ++...        (no amulet) Stlth
                     y - ring of willpower
HPRegen 0.28/turn    (no ring)
MPRegen 0.10/turn

%: no passive effects
@: no status effects
A: (nimble swimmer 2), mertail
a: no special abilities


You were on level 5 of the Dungeon.
You visited 1 branch of the dungeon, and saw 5 of its levels.

You collected 213 gold pieces.

Inventory:

Hand Weapons
 a - a +0 trident
 m - a +0 war axe of electrocution
 p - the +6 dagger "Kuagoppao" (weapon) {freeze, Will+ Str+5 Int+2}
   (You found it on level 2 of the Dungeon)

   Str+5:     It affects your strength (+5).
   Int+2:     It affects your intelligence (+2).
   Will+:     It increases your willpower.
Missiles
 v - 3 javelins
Armour
 b - a +0 scale mail (worn)
 c - a +0 buckler (worn)
 r - a +0 pair of boots (worn)
Jewellery
 y - a ring of willpower (left hand)
Wands
 q - a wand of iceblast (10)
 w - a wand of flame (25)
Scrolls
 f - a scroll of teleportation {unknown}
 g - 3 scrolls of blinking {unknown}
 h - a scroll of noise {unknown}
 j - 2 scrolls of identify {unknown}
 k - a scroll of enchant weapon {unknown}
 o - 2 scrolls of enchant armour {unknown}
 t - a scroll of torment {unknown}
 u - a scroll of revelation {unknown}
 x - a scroll of amnesia {unknown}
Potions
 d - a potion of might
 e - a potion of curing
 i - a potion of cancellation {unknown}
 l - a potion of mutation {unknown}
 n - a potion of heal wounds {unknown}
 s - a potion of enlightenment {unknown}
 z - a potion of degeneration {unknown}
 A - a potion of ambrosia {unknown}


   Skills:
 - Level 3.2 Fighting
 + Level 9.1 Polearms
 - Level 2.1 Armour
 - Level 3.4 Dodging
 - Level 3.0 Shields


You had 6 spell levels left.
You didn't know any spells.
Your spell library contained the following spells:

 Spells                   Type           Power      Damage    Failure   Level
 Slow                     Hex            0%         N/A       75%         1
 Confusing Touch          Hex            0%         N/A       98%         3
 Sigil of Binding         Hex            0%         N/A       98%         3
 Vampiric Draining        Necr           0%         2d6       98%         3


Dungeon Overview and Level Annotations

Branches:
Dungeon (5/15)
 Temple: D:4-7

Altars:
Dithmenos
Ru
Wu Jian

Shops:
D:3 (:?

Annotations:
D:4 3 runed translucent doors, timneilson's ghost, amateur OpSh
D:5 Menkaure


Innate Abilities, Weirdness & Mutations

((You are very nimble when in or above water. (Stealth+, EV+, Speed+++)))
Your lower body shifts to a powerful aquatic tail in water.


Message History

Unknown command.
You start resting.
HP restored.
You see here a +0 mace.
Your movement speed is average.
Your attack delay is about 1.0.
Your damage rating with the +6 dagger "Kuagoppao" {freeze, Will+ Str+5 Int+2} is about 10 (Base 4 x 107% (Dex) x 105% (Skill) + 6 (Ench)).
Your base attributes are Str 16, Int 10, Dex 13.
Unknown command.
The +6 dagger "Kuagoppao" {freeze, Will+ Str+5 Int+2} stops glowing.
a - a +0 trident (weapon)
Your movement speed is average.
Your attack delay is about 0.8.
Your damage rating with your +0 trident is about 12 (Base 9 x 115% (Str) x 124% (Skill)).
Unknown command.
You feel stronger.
You feel clever.
The +6 dagger "Kuagoppao" {freeze, Will+ Str+5 Int+2} glows with a cold blue light!
p - the +6 dagger "Kuagoppao" (weapon)
{freeze, Will+ Str+5 Int+2} You see here a +0 mace.
Items here: ))) [[ †.
Things that are here:
a +0 hand axe; a +0 leather armour; an orc corpse
v - 2 javelins
v - 3 javelins (gained 1) Menkaure, Prince of Dust comes into view.
Menkaure shouts!
Menkaure calls on the powers of darkness!
Your body is wracked with pain!
Menkaure hits you!!
* * * LOW HITPOINT WARNING * * *
You feel better.
Menkaure calls on the powers of darkness!
Your body is wracked with pain!
* * * LOW HITPOINT WARNING * * *
You feel better. Menkaure hits you!
* * * LOW HITPOINT WARNING * * *
You completely miss Menkaure. You hit Menkaure but do no damage.
Menkaure hits you!
* * * LOW HITPOINT WARNING * * *
Unknown command.
You feel better. Menkaure hits you!
You die...

#.....#
#..####)#
#.....#
#..####.#
#.....#
##.......#
#<....#
........##
#######
..#.##..#
#..#.##..#
#..#..#..#
#######..##.#..#
#.M@...........#
#.####.####.####
##.####.####.#
.............#
##.####.######
#.####.#
#......#
########


You could see Menkaure.

Vanquished Creatures
  An ice beast (D:4)
  A scorpion (D:4)
  An orc priest (D:5)
  A jelly (D:4)
  3 iguanas
  2 orc wizards (D:5)
  3 gnolls (D:4)
  4 adders
  A worm (D:4)
  3 dart slugs
  7 orcs
  6 endoplasms
  2 giant cockroaches (D:2)
  4 goblins
  6 hobgoblins
  2 jackals (D:4)
  3 quokkas
  4 ball pythons
  7 bats
  3 frilled lizards
  2 kobolds (D:2)
66 creatures vanquished.

Notes
Turn   | Place    | Note
-------+----------+-------------------------------------------
     0 | D:1      | Hubris850 the Merfolk Fighter began the quest for the Orb.
     0 | D:1      | Reached XP level 1. HP: 18/18 MP: 1/1
   610 | D:1      | Reached skill level 3 in Polearms
   610 | D:1      | Reached skill level 1 in Dodging
   629 | D:1      | Reached XP level 2. HP: 24/24 MP: 2/2
  1045 | D:2      | Found a faded altar of an unknown god.
  1235 | D:2      | Reached XP level 3. HP: 29/29 MP: 3/3
  1301 | D:2      | Identified the +6 dagger "Kuagoppao" {freeze, Will+ Str+5
                  | Int+2}
  1635 | D:2      | Reached skill level 4 in Polearms
  1787 | D:3      | Reached XP level 4. HP: 22/35 MP: 4/4
  1913 | D:3      | Found Giblul's Weapon Boutique.
  2036 | D:3      | Found Testamme's Book Emporium.
  2279 | D:3      | Found Vaulelo's Magic Scroll Shoppe.
  2369 | D:4      | Found a runed translucent gate.
  2369 | D:4      | Found a runed translucent gate.
  2370 | D:4      | Found a runed translucent gate.
  2371 | D:4      | Noticed an orc warrior
  2372 | D:4      | Identified the +1 leather armour of Dangucup {rPois}
  2417 | D:4      | Reached skill level 5 in Polearms
  2527 | D:4      | Noticed timneilson's ghost (amateur OpSh)
  2659 | D:4      | Reached XP level 5. HP: 33/41 MP: 5/5
  2701 | D:4      | Reached skill level 6 in Polearms
  2844 | D:4      | Reached skill level 7 in Polearms
  2844 | D:4      | Reached XP level 6. HP: 13/47 MP: 6/6
  3078 | D:4      | Found a shadowy altar of Dithmenos.
  3137 | D:4      | Found an ornate altar of the Wu Jian Council.
  3159 | D:4      | Noticed an ice beast
  3168 | D:4      | Killed an ice beast
  3169 | D:4      | Reached skill level 8 in Polearms
  3250 | D:4      | Found a sacrificial altar of Ru.
  3359 | D:5      | Entered Level 5 of the Dungeon
  3427 | D:5      | Reached XP level 7. HP: 41/52 MP: 7/7
  3441 | D:5      | Reached skill level 9 in Polearms
  3554 | D:5      | Noticed Menkaure
  3561 | D:5      | HP: 1/52 [Menkaure (11)]
  3562 | D:5      | Mangled by Menkaure

Illustrated notes

Levels and vault maps discovered:
D:1:      dpeg_arrival_arbitrary_c, layout_loops_corners
D:2:      layout_basic, shapermc_ecumenical_altar_totnotflames
D:3:      layout_rooms, serial_shops, shop, shop, nicolae_shop_rolled_up,
          minmay_misc_feat_square, minmay_misc_feat_nine_boxes
D:4:      layout_rooms, nicolae_dithmenos_shadow_blocks,
          nicolae_wu_jian_wuxing_cycle, nicolae_ru_the_path_less_chosen,
          biasface_ghost_orc_armoury, serial_corexii_hall,
          corexii_hall_statues_l, corexii_hall_statues_t,
          chequers_hall_statues_corner_a, corexii_hall_statues_x
D:5:      kennysheep_kobold_camp, layout_loops_cross, tgw_fedhas, serial_shops,
          kennysheep_mini, uniq_ijyb, uniq_menkaure

Skill      XL: |  1  2  3  4  5  6  7 |
---------------+----------------------+-----
Polearms       | 3 4 5 7 8 9 |  9.1
Dodging        | 1 2 3 |  3.4
Fighting       | |  3.2
Armour         | |  2.1
Shields        | |  3.0

Action                     |  1- 3 |  4- 6 |  7- 9 || total
---------------------------+-------+-------+-------++-------
  Melee: Trident           |    46 |       |       ||    46
         Dagger            |    26 |   146 |    15 ||   187
  Throw: Javelin           |       |     5 |       ||     5
  Evoke: Wand              |       |     3 |       ||     3
    Use: Potion            |       |     1 |     3 ||     4
 Armour: Scale mail        |    36 |    81 |    11 ||   128
  Dodge: Dodged            |    29 |    55 |     2 ||    86
  Block: Buckler           |    13 |    20 |       ||    33

Table legend: (Time is in decaauts)
 A = Elapsed time spent in this place.
 B = Non-inter-level travel time spent in this place.
 C = Inter-level travel time spent in this place.
 D = Time resting spent in this place.
 E = Time spent auto-exploring this place.
 F = Levels seen in this place.
 G = Mean time per level.
                   A        B        C        D        E       F      G
               +--------+--------+--------+--------+--------+-----+--------+
         Total |   3575 |   3470 |    105 |    422 |   2507 |   5 |  715.0 |
       Dungeon |   3575 |   3470 |    105 |    422 |   2507 |   5 |  715.0 |
               +--------+--------+--------+--------+--------+-----+--------+

Top non-repeatable levels by time:
     D:4: 1004 daAuts
     D:2: 996 daAuts
     D:1: 727 daAuts
     D:3: 642 daAuts
     D:5: 204 daAuts
